AoeStats
← Scol1ng

Hideout

507664685Analyzed
1v1 RM · 14d ago on Sep 19, 2026· 42m 47s· 2 players
Game mode
Random Map
Map size
Tiny (2 player)
Population
200
Speed
Normal
Resources
Standard
Victory
Conquest
Starting age
Dark Age
Ending age
Imperial Age
RankedLock teamsTeams togetherTeam positionsShared explorationLock speedFull tech treeHidden civsTurbo modeCheats
Victory
Defeat
🇨🇳 Koreans · China
1701
+21
🇩🇪 Berbers · Germany
1810
-21
Scol1ng
8:32 Feudal Age
8:33 Man-at-Arms
9:04 Double-Bit Axe
10:57 Horse Collar
15:44 Loom
18:27 Castle Age
18:02 Wheelbarrow
19:28 Bow Saw
22:55 Town Watch
23:27 Hand Cart
27:46 Gold Mining
27:49 Stone Mining
32:38 Imperial Age
30:36 Fervor
31:13 Fletching
33:13 Kasbah
33:15 Bodkin Arrow
34:02 Conscription
34:03 Bracer
34:16 Masonry
35:09 Chemistry
35:29 Padded Archer Armor
35:57 Ballistics
37:26 Siege Engineers
38:39 Light Cavalry
39:29 Bloodlines
39:19 Husbandry
39:37 Leather Archer Armor
39:28 Scale Barding Armor
41:46 Chain Barding Armor
41:51 Hussar
43:10 Plate Barding Armor
42:45 Forging
顾慎为
10:53 Feudal Age
9:16 Loom
11:01 Feudal Age
15:25 Castle Age
14:33 Double-Bit Axe
15:39 Horse Collar
15:52 Horse Collar
16:32 Bow Saw
19:30 Town Watch
22:49 Wheelbarrow
24:23 Gold Mining
25:32 Hand Cart
29:24 Imperial Age
27:02 Stone Mining
27:11 Fletching
27:52 Heavy Plow
28:03 Bodkin Arrow
29:36 Gold Shaft Mining
29:36 Stone Shaft Mining
30:05 Bracer
31:06 Chemistry
33:06 Ballistics
33:32 Conscription
34:23 Squires
34:08 Gambesons
33:44 Elite Fire Lancer
34:24 Scale Mail Armor
34:36 Forging
34:40 Arson
36:03 Chain Mail Armor
35:56 Elite Skirmisher
36:54 Treadmill Crane
37:50 Thumb Ring
42:12 Plate Mail Armor
42:18 Iron Casting
42:00 Siege Engineers
42:24 Eupseong
42:47 Pikeman
Connection lost

Rejoining the realm…

Still unreachable

The connection could not be restored.

Session expired

The server has moved on; the page needs a fresh start.